 Dungeon Crawl Stone Soup version 0.30-a0-368-g86fb4627a9 (webtiles) character file.

Game seed: 7484568529647693351

305 mopl the Shooter (level 6, -1/38 HPs)
             Began as an Octopode Hexslinger on Nov 19, 2022.
             Slain by an orc
             ... wielding a +0 mace
              (8 damage)
             ... on level 4 of the Dungeon.
             The game lasted 00:04:17 (2968 turns).

mopl the Shooter (Octopode Hexslinger)              Turns: 2968, Time: 00:04:18

Health: -1/38      AC:  1    Str:  9    XL:     6   Next: 39%
Magic:  8/8        EV: 13    Int: 18    God:
Gold:   200        SH:  0    Dex: 12    Spells: 3/7 levels left

rFire   + . .      SeeInvis .    r - staff of fire
rCold   . . .      Faith    .    (no shield)
rNeg    . . .      Spirit   .    (helmet restricted)
rPois   .          Reflect  .    (no amulet)
rElec   .          Harm     .    (no ring)
rCorr   .          Rampage  .    (no ring)
Will    .....                    (no ring)
Stlth   ++........               (no ring)
HPRegen 0.26/turn                (no ring)
MPRegen 0.11/turn                (no ring)
                                 (no ring)
                                 (no ring)

@: no status effects
A: almost no armour, amphibious, 8 rings, camouflage 1, gelatinous body 1,
(nimble swimmer 1), tentacles
a: no special abilities


You were on level 4 of the Dungeon.
You visited 1 branch of the dungeon, and saw 4 of its levels.

You collected 200 gold pieces.

Inventory:

Hand Weapons
 a - a +1 sling
Missiles
 j - 4 silver javelins
 l - 4 poisoned darts
 o - 2 boomerangs
Magical Staves
 r - a staff of fire (weapon)
Scrolls
 b - 3 scrolls of poison
 f - a scroll of torment {unknown}
 g - a scroll of enchant weapon {unknown}
 i - a scroll of teleportation {unknown}
 k - a scroll of butterflies {unknown}
 p - 4 scrolls of identify {unknown}
 q - a scroll of immolation {unknown}
 s - a scroll of magic mapping {unknown}
Potions
 c - a potion of ambrosia {unknown}
 d - a potion of mutation {unknown}
 e - a potion of curing
 h - a potion of degeneration {unknown}
 m - a potion of might {unknown}
 n - a potion of resistance {unknown}


   Skills:
 - Level 1.0 Fighting
 * Level 5.5 Ranged Weapons
 - Level 2.0 Dodging
 + Level 1.3 Spellcasting
 + Level 4.2 Hexes
 + Level 0.8 Translocations


You had 3 spell levels left.
You knew the following spells:

 Your Spells              Type           Power      Damage    Failure   Level
a - Slow                  Hex            64%        N/A       3%          1
f - Portal Projectile     Hex/Tloc       20%        N/A       21%         3

Your spell library contained the following spells:

 Spells                   Type           Power      Damage    Failure   Level
 Summon Small Mammal      Summ           4%         N/A       19%         1
 Inner Flame              Hex/Fire       13%        N/A       24%         3
 Summon Guardian Golem    Hex/Summ       8%         N/A       24%         3
 Gell's Gravitas          Tloc           4%         N/A       38%         3
 Teleport Other           Tloc           4%         N/A       38%         3
 Call Canine Familiar     Summ           1%         N/A       50%         3
 Cause Fear               Hex            8%         N/A       32%         4
 Dispersal                Tloc           2%         N/A       100%        6


Dungeon Overview and Level Annotations

Branches:
Dungeon (4/15)
 Temple: D:4-7

Altars:
Cheibriados
Okawaru
Uskayaw


Innate Abilities, Weirdness & Mutations

You cannot wear most types of armour.
You are amphibious.
You can wear up to eight rings at the same time.
Your skin changes colour to match your surroundings (Stealth+).
Your rubbery body absorbs attacks. (AC +1, EV +1)
((You are camouflaged when in or above water. (Stealth+)))
You have tentacles for arms and can constrict up to eight enemies at once.


Message History

The sling bullet hits the howler monkey.
The howler monkey is severely wounded.
The howler monkey hits you. The adder bites you.
The howler monkey barely misses you.
Okay, then.
r - a staff of fire (weapon)
The adder bites you but does no damage.
You hit the adder. Your grab misses the adder.
The adder is moderately wounded.
The howler monkey misses you. The adder barely misses you.
The howler monkey barely misses you.
You miss the adder. Your grab misses the adder.
The adder is moderately wounded.
The adder barely misses you. The howler monkey misses you. The adder bites you.
You are poisoned.
The adder poisons you!
You hit the adder. You grab the adder.
The adder is heavily wounded.
You constrict the adder.
You feel sick. The adder barely misses you. The howler monkey hits you.
* * * LOW HITPOINT WARNING * * *
The adder closely misses you.
You hit the howler monkey but do no damage.
You grab the howler monkey.
The howler monkey is severely wounded.
You constrict the howler monkey. You constrict the adder.
You feel sick. The howler monkey hits you.
* * * LOW HITPOINT WARNING * * *
The adder bites you.
* * * LOW HITPOINT WARNING * * *
The howler monkey misses you.
You feel better.
You constrict the howler monkey. You constrict the adder.
You kill the adder!
The howler monkey hits you.
* * * LOW HITPOINT WARNING * * *
The orc misses you.
You closely miss the orc. Your grab misses the orc.
You constrict the howler monkey. The howler monkey barely misses you.
The orc hits you with a +0 mace!
You die...

......#..........### #
##......).... .....#
###.#............ ....
..........# .....###..#
#.>.......# #....#....#
..####.#†# #.......####
..##...#†### ##.#..#....#
..........h.######..####'###
##.###.##..@.....#...#.....#
# ... #.o........#.#.♣.♣.#
#..# ##........##.+.._..'
#... #..).........#.♣.♣.#
#... #.............#.....#
.... #..#..........###+###
....##..............## #...
##.............#.
..........#..##.


You could see a howler monkey and an orc.

Vanquished Creatures
  A scorpion (D:4)
  An orc priest (D:4)
  Natasha (thrice) (D:2)
  6 adders
  2 worms
  3 dart slugs
  5 orcs
  6 ball pythons
  6 bats
  3 endoplasms
  4 giant cockroaches
  4 hobgoblins
  3 jackals (D:2)
  2 quokkas
  4 frilled lizards
  3 goblins
  10 kobolds
  7 rats
73 creatures vanquished.

Notes
Turn   | Place    | Note
-------+----------+-------------------------------------------
     0 | D:1      | mopl the Octopode Hexslinger began the quest for the Orb.
     0 | D:1      | Reached XP level 1. HP: 13/13 MP: 2/2
   183 | D:1      | Reached XP level 2. HP: 18/18 MP: 0/3
   264 | D:1      | Reached skill level 3 in Ranged Weapons
   441 | D:1      | Reached XP level 3. HP: 23/23 MP: 4/4
  1183 | D:2      | Noticed Natasha
  1188 | D:2      | Killed Natasha
  1189 | D:2      | Reached skill level 4 in Ranged Weapons
  1189 | D:2      | Reached XP level 4. HP: 28/28 MP: 5/5
  1263 | D:2      | Noticed Natasha
  1287 | D:2      | Killed Natasha
  1453 | D:2      | Reached XP level 5. HP: 5/33 MP: 6/6
  1829 | D:2      | Noticed Natasha
  1838 | D:2      | Killed Natasha
  2560 | D:4      | Reached skill level 5 in Ranged Weapons
  2683 | D:4      | Reached skill level 4 in Hexes
  2762 | D:4      | Learned a level 3 spell: Portal Projectile
  2774 | D:4      | Reached XP level 6. HP: 33/38 MP: 7/7
  2823 | D:4      | Found a snail-covered altar of Cheibriados.
  2871 | D:4      | Found an iron altar of Okawaru.
  2872 | D:4      | Found a hide-covered altar of Uskayaw.
  2966 | D:4      | HP: 1/38 [adder (3)]
  2968 | D:4      | Slain by an orc

Illustrated notes

Levels and vault maps discovered:
D:1:      minmay_arrival_loop, layout_basic, bh_walls_and_bars
D:2:      layout_loops_cross, nicolae_elevator_lobby_plus, uniq_natasha
D:3:      layout_loops_cross
D:4:      layout_cave_pools, grunt_temple_overflow_open, kennysheep_little_box

Skill      XL: |  1  2  3  4  5 |
---------------+----------------+-----
Ranged Weapons | 3 4 5 |  5.5
Hexes          | 4 |  4.2
Fighting       | |  1.0
Dodging        | |  2.0
Spellcasting   | |  1.3
Translocations | |  0.8

Action                   |  1- 3 |  4- 6 || total
-------------------------+-------+-------++-------
Melee: Unarmed           |       |    15 ||    15
       Constrict         |       |     6 ||     6
       Staff             |       |     5 ||     5
       Tentacles         |       |     2 ||     2
 Fire: Sling             |    91 |   169 ||   260
 Cast: Slow              |     4 |     2 ||     6
  Use: Potion            |       |     2 ||     2
Armor: Skin              |     6 |     5 ||    11
Dodge: Dodged            |    23 |    92 ||   115

Table legend: (Time is in decaauts)
 A = Elapsed time spent in this place.
 B = Non-inter-level travel time spent in this place.
 C = Inter-level travel time spent in this place.
 D = Time resting spent in this place.
 E = Time spent auto-exploring this place.
 F = Levels seen in this place.
 G = Mean time per level.
                   A        B        C        D        E       F      G
               +--------+--------+--------+--------+--------+-----+--------+
         Total |   3013 |   2810 |    203 |    448 |   1863 |   4 |  753.2 |
       Dungeon |   3013 |   2810 |    203 |    448 |   1863 |   4 |  753.2 |
               +--------+--------+--------+--------+--------+-----+--------+

Top non-repeatable levels by time:
     D:1: 1007 daAuts
     D:2: 958 daAuts
     D:3: 737 daAuts
     D:4: 310 daAuts
